 Dungeon Crawl Stone Soup version 0.24-a0-586-g8e0e932a4c (webtiles) character file.

Game seed: 15712671881492054289, levelgen mode: deterministic

144 Mithandil the Conjurer (level 5, -21/29 HPs)
             Began as a Tengu Conjurer on Sept 8, 2019.
             Engulfed by an orc's freezing vapour (27 damage)
             ... on level 3 of the Dungeon.
             The game lasted 00:11:37 (2494 turns).

Mithandil the Conjurer (Tengu Conjurer)             Turns: 2494, Time: 00:11:37

Health: -21/29     AC:  3    Str:  9    XL:     5   Next: 26%
Magic:  1/10       EV: 13    Int: 15    God:
Gold:   140        SH:  0    Dex: 15    Spells: 2/9 levels left

rFire    . . .     SeeInvis .   b - +0 quarterstaff
rCold    . . .     Gourm    .   (shield currently unavailable)
rNeg     . . .     Faith    .   u - +0 leather armour
rPois    .         Spirit   .   (helmet restricted)
rElec    .         Reflect  .   (no cloak)
rCorr    .         Harm     .   (no gloves)
MR       .....                  (boots unavailable)
Stlth    ++........             (no amulet)
HPRegen  0.09/turn              (no ring)
MPRegen  0.12/turn              (no ring)

@: very slightly contaminated
A: beak, talons 3, able to fly
a: Fly


You were on level 3 of the Dungeon.
You were hungry.

You visited 1 branch of the dungeon, and saw 4 of its levels.

You collected 140 gold pieces.

Inventory:

Hand Weapons
 a - a +0 spear
 b - a +0 quarterstaff (weapon)
 d - a +0 hand axe
 n - a +0 falchion
Missiles
 e - 62 bolts
 f - 22 arrows
 g - 36 sling bullets
 l - 58 stones (quivered)
 o - 7 datura-tipped darts
Armour
 u - a +0 leather armour (worn)
Scrolls
 h - 2 scrolls of remove curse
 i - a scroll of fear {unknown}
 j - 2 scrolls of identify
 k - a scroll of enchant weapon {unknown}
 p - a scroll of fog {unknown}
 r - a scroll of enchant armour {unknown}
 v - 2 scrolls of teleportation {unknown}
Potions
 m - a potion of heal wounds
 q - a potion of curing
 t - a potion of lignification
 w - a potion of brilliance {unknown}
Comestibles
 c - 2 rations


   Skills:
 + Level 1.5 Fighting
 + Level 1.0 Polearms
 + Level 3.0 Dodging
 + Level 2.5 Stealth
 * Level 2.8 Spellcasting
 * Level 6.4 Conjurations


You had 2 spell levels left.
You knew the following spells:

 Your Spells              Type           Power        Failure   Level  Hunger
a - Magic Dart            Conj           ###.         1%          1    #......
b - Searing Ray           Conj           ###...       3%          2    ##.....
c - Force Lance           Conj/Tloc      ##......     58%         4    #####..

Your spell library contained the following spells:

 Spells                   Type           Power        Failure   Level  Hunger
 Iskenderun's Mystic Bla  Conj           ###.....     21%         4    #####..
 Dazzling Spray           Conj/Hex       ##....       22%         3    ###....
 Fulminant Prism          Conj/Hex       ##........   58%         4    #####..


Dungeon Overview and Level Annotations

Branches:
Dungeon (4/15)
 Temple: D:4-7

Altars:
Okawaru


Innate Abilities, Weirdness & Mutations

You have a beak for a mouth.
You have claws for feet.
You can fly continuously.


Message History

You hit the orc priest but do no damage.
You peck the orc priest.
The orc priest is severely wounded.
The orc priest hits you with a +0 flail.
You hit the orc priest but do no damage.
You claw the orc priest.
The orc priest is almost dead.
The orc priest hits you with a +0 flail!
* * * LOW HITPOINT WARNING * * *
You hit the orc priest.
You kill the orc priest!
Your Polearms skill increases to level 1!
Your Dodging skill increases to level 3!
You have reached level 5!
You have gained the ability to fly.
The orc zaps a wand.
The orc creates a blast of freezing vapour!
You are engulfed in freezing vapours.
Ouch! That really hurt!
You die...

.###..## . .#.....# ##.
.#.....# #..
[......######.##
...............#
...........##.## #
...............### .###g
#..........#....§## #.....
#.##.......#.###@§##......
...........#.# ##§#.§.....
.....#.#...#.# #§#.§§§...
.....#.#.....## #o..§§§§..
.......#......# ##..§§§...
##.##.##............○.....
#.##.#####...#...........
##.##.# #...#.#..#........
......# #.###.#.#####.....


You could see an orc.

Vanquished Creatures
  An orc priest (D:3)
  4 adders
  A worm (D:2)
  3 dart slugs
  3 leopard geckos
  An orc (D:3)
  3 giant cockroaches
  9 goblins
  8 hobgoblins
  7 kobolds
  2 quokkas (D:3)
  10 bats
  5 frilled lizards
  5 rats
62 creatures vanquished.

Notes
Turn   | Place    | Note
-------+----------+-------------------------------------------
     0 | D:1      | Mithandil the Tengu Conjurer began the quest for the Orb.
     0 | D:1      | Reached XP level 1. HP: 10/10 MP: 4/4
   261 | D:1      | Reached XP level 2. HP: 15/15 MP: 0/6
   265 | D:1      | Learned a level 2 spell: Searing Ray
   520 | D:1      | Reached XP level 3. HP: 12/20 MP: 0/7
   599 | D:1      | Found an iron altar of Okawaru.
  1417 | D:1      | Reached skill level 1 in Fighting
  1575 | D:2      | Reached skill level 6 in Conjurations
  1579 | D:2      | Reached XP level 4. HP: 25/25 MP: 1/8
  1585 | D:2      | Learned a level 4 spell: Force Lance
  2493 | D:3      | Reached skill level 1 in Polearms
  2493 | D:3      | Gained mutation: You can fly continuously. [Tengu growth]
  2493 | D:3      | Reached XP level 5. HP: 6/29 MP: 1/10
  2494 | D:3      | Engulfed by an orc's freezing vapour

Levels and vault maps discovered:
D:1:      lemuel_arrival_tunnels, layout_loops_ring, okawaru_ov_weapons_minmay
D:2:      layout_loops_cross, first_ration, minmay_pentomino_q2
D:3:      layout_rooms
D:4:      layout_rooms, lemuel_round_altar, marbit_many_paths,
          minmay_temple_entry_mini_moons

Skill      XL: |  1  2  3  4 |
---------------+-------------+-----
Fighting       | 1 |  1.5
Conjurations   | 6 |  6.4
Polearms       | 1 |  1.0
Dodging        | 3 |  3.0
Stealth        | |  2.5
Spellcasting   | |  2.8

Action                   |  1- 3 |  4- 6 || total
-------------------------+-------+-------++-------
Melee: Hand axe          |    10 |       ||    10
       Kick              |     4 |    12 ||    16
       Spear             |       |    16 ||    16
       Quarterstaff      |       |    13 ||    13
       Peck              |       |     5 ||     5
 Cast: Magic Dart        |    64 |    40 ||   104
       Searing Ray       |     1 |     5 ||     6
       Force Lance       |       |     1 ||     1
  Use: Potion            |     4 |     1 ||     5
       Scroll            |       |     2 ||     2
 Stab: Sleeping          |     1 |       ||     1
  Eat: Chunk             |     3 |     3 ||     6
Armor: Robe              |     1 |     2 ||     3
       Leather armour    |       |     3 ||     3
Dodge: Dodged            |    10 |    26 ||    36

Table legend:
 A = Non-vault XP
 B = Vault XP
 C = Vault XP percentage of total XP
 D = Non-vault monster count
 E = Vault monster count
 F = Vault count percentage of total count
                 A         B        C        D         E       F
            +---------+---------+-------+---------+---------+-------
      Total |     206 |       0 |   0.0 |      62 |       0 |   0.0
            +---------+---------+-------+---------+---------+-------
        D:1 |      54 |       0 |   0.0 |      31 |       0 |   0.0
        D:2 |      48 |       0 |   0.0 |      11 |       0 |   0.0
        D:3 |      91 |       0 |   0.0 |      19 |       0 |   0.0
        D:4 |      13 |       0 |   0.0 |       1 |       0 |   0.0
            +---------+---------+-------+---------+---------+-------
